 Dungeon Crawl Stone Soup version 0.29.1-2-gbd0b4ee654 (webtiles) character file.

Game seed: 3879020803573870935

59 xian the Trooper (level 3, 0/29 HPs)
             Began as a Demonspawn Abyssal Knight on Nov 18, 2022.
             Was a Believer of Lugonu.
             Succumbed to an adder's poison
             ... on level 2 of the Dungeon.
             The game lasted 00:03:58 (1965 turns).

xian the Trooper (Demonspawn Abyssal Knight)        Turns: 1965, Time: 00:03:58

Health: 0/29       AC:  5    Str: 15    XL:     3   Next: 78%
Magic:  5/5        EV: 11    Int: 11    God:    Lugonu [**....]
Gold:   107        SH:  0    Dex: 13    Spells: 2/2 levels left

rFire   . . .      SeeInvis .   a - +1 short sword
rCold   . . .      Faith    .   (no shield)
rNeg    . . .      Spirit   .   b - +0 leather armour
rPois   .          Reflect  .   d - +0 helmet
rElec   .          Harm     .   (no cloak)
rCorr   .          Rampage  .   i - +0 pair of gloves
Will    .....                   (no boots)
Stlth   +.........              (no amulet)
HPRegen 0.09/turn               (no ring)
MPRegen 0.09/turn               (no ring)

@: lethally poisoned (0 -> -6), hasted, very quick
A: demonic magic 1
a: Renounce Religion, Depart the Abyss, Bend Space


You were on level 2 of the Dungeon.
You worshipped Lugonu.
Lugonu was pleased with you.
You visited 1 branch of the dungeon, and saw 2 of its levels.
You visited the Abyss 1 time.

You collected 107 gold pieces.

Inventory:

Hand Weapons
 a - a +1 short sword (weapon)
Missiles
 l - 4 javelins
Armour
 b - a +0 leather armour (worn)
 d - a +0 helmet (worn)
 i - a +0 pair of gloves (worn)
Magical Staves
 o - a staff of cold
Scrolls
 e - 2 scrolls of enchant weapon {unknown}
 f - a scroll of noise {unknown}
 g - a scroll of identify {unknown}
 h - a scroll of butterflies {unknown}
 k - a scroll of brand weapon {unknown}
 m - a scroll of torment {unknown}
 p - a scroll of immolation {unknown}
Potions
 c - a potion of lignification {unknown}
 n - a potion of flight {unknown}


   Skills:
 + Level 3.6 Fighting
 + Level 2.2 Short Blades
 + Level 2.4 Armour
 + Level 1.2 Dodging
 + Level 0.3 Stealth
 * Level 3.0 Invocations


You had 2 spell levels left.
You didn't know any spells.
Your spell library contained the following spells:

 Spells                   Type           Power      Damage    Failure   Level
 Blink                    Tloc           0%         N/A       54%         2
 Stone Arrow              Conj/Erth      0%         3d7       78%         3
 Animate Armour           Summ/Erth      0%         N/A       99%         4
 Manifold Assault         Tloc           0%         N/A       100%        5
 Storm Form               Tmut/Air       0%         N/A       100%        7
 Lehudib's Crystal Spear  Conj/Erth      0%         10d2      100%        8


Dungeon Overview and Level Annotations

Branches:
Dungeon (2/15)

Altars:
Gozag

Shops:
D:1 =


Innate Abilities, Weirdness & Mutations

Spells you cast may paralyse adjacent enemies.


Message History

The adder is lightly wounded.
You feel sick. The adder bites you but does no damage.
You hit the adder.
The adder is moderately wounded.
You feel sick.
You are no longer poisoned.
The adder barely misses you.
You closely miss the adder.
The adder is moderately wounded.
The adder bites you.
You are poisoned.
The adder poisons you! The adder closely misses you.
Unknown command.
You barely miss the adder.
The adder is moderately wounded.
You feel sick. The adder bites you but does no damage.
You closely miss the adder.
The adder is moderately wounded.
You feel sick. The adder barely misses you.
You completely miss the adder.
The adder is moderately wounded.
You feel sick. The adder bites you but does no damage. The adder bites you.
* * * LOW HITPOINT WARNING * * *
Unknown command.
You closely miss the adder.
The adder is moderately wounded.
You feel sick. The adder bites you but does no damage.
It was a potion of haste.
You feel yourself speed up.
You feel sick.
You are no longer poisoned.
The adder barely misses you.
Unknown command.
You hit the adder.
The adder is almost dead.
The adder bites you.
* * * LOW HITPOINT WARNING * * *
You are lethally poisoned!
The adder poisons you!
You barely miss the adder.
The adder is almost dead.
You die...

.# #.# #.# #.
.######.### #.# #.
..........# ######†# ##
.#.#....#.#######......#
....).............#.####
#############.###...##
#.....#
#.###.############ #@#
#............. #S#
#.############ .......
#.#.####. #.#.# .# #. .#
# #. .# #. ##


You could see an adder.

Vanquished Creatures
  Natasha (D:2)
  A dart slug (D:1)
  3 bats
  An endoplasm (D:1)
  A giant cockroach (D:2)
  3 goblins (D:1)
  6 hobgoblins
  3 quokkas
  4 ball pythons
  A frilled lizard (D:2)
  5 kobolds
  4 rats
33 creatures vanquished.

Vanquished Creatures (others)
  A draconian (D:1)
  An octopode (D:1)
  A spriggan (D:1)
  2 formicids (D:1)
  2 dwarves (D:1)
  2 ogres (D:1)
  A mummy (D:1)
  A gnoll (D:1)
  An orc (D:1)
  4 tentacles (D:1)
  5 withered plants (D:1)
21 creatures vanquished.

Grand Total: 54 creatures vanquished

Notes
Turn   | Place    | Note
-------+----------+-------------------------------------------
     0 | Abyss:1  | xian the Demonspawn Abyssal Knight began the quest for the
                  | Orb.
     0 | Abyss:1  | Reached XP level 1. HP: 18/18 MP: 2/2
    54 | Abyss:2  | Noticed a small abomination
    56 | Abyss:2  | Noticed a blink frog
    56 | Abyss:2  | Noticed a blink frog
    56 | Abyss:2  | Noticed a blink frog
    56 | Abyss:2  | Noticed a blink frog
    56 | Abyss:2  | Noticed a blink frog
    56 | D:1      | Escaped the Abyss
    56 | D:1      | Noticed an ogre
    56 | D:1      | Noticed a draconian
    56 | D:1      | Noticed a dwarf
    56 | D:1      | Noticed an ogre
    56 | D:1      | Noticed a dwarf
    56 | D:1      | Noticed a kraken
    56 | D:1      | Noticed an octopode
    56 | D:1      | Noticed a formicid
    56 | D:1      | Noticed a formicid
    56 | D:1      | Noticed a spriggan
    59 | D:1      | Killed a dwarf
    60 | D:1      | Killed an ogre
    61 | D:1      | Killed a draconian
    62 | D:1      | Killed a dwarf
    63 | D:1      | Killed an ogre
    63 | D:1      | Killed a spriggan
    63 | D:1      | Killed a formicid
    64 | D:1      | Killed an octopode
    66 | D:1      | Killed a formicid
   286 | D:1      | Gained mutation: Spells you cast may paralyse adjacent
                  | enemies. [demonic ancestry]
   286 | D:1      | Reached XP level 2. HP: 18/24 MP: 3/3
   640 | D:1      | Found Xeohoy's Jewellery Shop.
   722 | D:1      | Reached skill level 1 in Dodging
  1028 | D:1      | Found a faded altar of an unknown god.
  1358 | D:2      | Reached XP level 3. HP: 22/29 MP: 4/4
  1734 | D:2      | Found an opulent altar of Gozag.
  1735 | D:2      | Noticed Natasha
  1744 | D:2      | Killed Natasha
  1964 | D:2      | HP: 1/29 [adder (3)]
  1965 | D:2      | Succumbed to an adder's poison

Illustrated notes

Levels and vault maps discovered:
D:1:      nicolae_arrival_kraken_aquarium_a, layout_loops_ring,
          shapermc_ecumenical_altar_flowoftime, serial_shops, shop
D:2:      layout_loops_ring, basic_altar, uniq_natasha

Skill      XL: |  1  2  3 |
---------------+----------+-----
Armour         | 2 |  2.4
Dodging        | 1 |  1.2
Short Blades   | 2 |  2.2
Invocations    | 3 |  3.0
Fighting       | |  3.6
Stealth        | |  0.3

Action                   || total
-------------------------++-------
Melee: Short sword       ||   185
       Punch             ||     2
Invok: Depart the Abyss  ||     1
  Use: Potion            ||     1
Armor: Leather armour    ||    75
Dodge: Dodged            ||   117
